 Dungeon Crawl Stone Soup version 0.23-a0-650-ga4d50d4 (webtiles) character file.

44 4thArraOfDagon the Cudgeler (level 3, -1/27 HPs)
             Began as a Mummy Warper on Jan 2, 2019.
             Was a Follower of Yredelemnul.
             Slain by an adder (2 damage)
             ... on level 3 of the Dungeon.
             The game lasted 00:03:44 (1304 turns).

4thArraOfDagon the Cudgeler (Mummy Warper)          Turns: 1304, Time: 00:03:45

Health: -1/27      AC: 14    Str: 15    XL:     3   Next: 41%
Magic:  7/7        EV:  0    Int: 12    God:    Yredelemnul [*.....]
Gold:   64         SH:  0    Dex: 11    Spells: 7/7 levels left

rFire    x . .     SeeInvis .   a - +0 mace
rCold    + . .     Gourm    .   (no shield)
rNeg     + + +     Faith    .   g - +0 crystal plate armour
rPois    ∞         Spirit   .   (no helmet)
rElec    .         Reflect  .   (no cloak)
rCorr    .         Harm     .   (no gloves)
MR       .....                  (no boots)
Stlth    ..........             (no amulet)
HPRegen  0.09/turn              h - ring of stealth
MPRegen  0.10/turn              (no ring)

@: very slightly contaminated
A: no food or potions, fire vulnerability, cold resistance 1, negative energy
resistance 3, torment resistance, unbreathing
a: Animate Remains, Renounce Religion


You were on level 3 of the Dungeon.
You worshipped Yredelemnul.
Yredelemnul was aware of your devotion.
You were not hungry.

You visited 1 branch of the dungeon, and saw 3 of its levels.

You collected 64 gold pieces.

Inventory:

Hand Weapons
 a - a +0 mace (weapon)
Armour
 b - a +0 leather armour
 g - a +0 crystal plate armour (worn)
Jewellery
 h - a ring of stealth (left hand)
Scrolls
 c - a scroll of remove curse
 d - a scroll of blinking
 f - a scroll of immolation
 i - 3 scrolls of identify


   Skills:
 - Level 2.0 Fighting
 * Level 3.1 Maces & Flails
 - Level 0.7 Throwing
 + Level 1.0 Armour
 - Level 1.5 Dodging
 - Level 2.6 Spellcasting
   Level 2.4 Translocations


You had 7 spell levels left.
You didn't know any spells.
Your spell library contained the following spells:

 Spells                   Type           Power        Failure   Level  Hunger
 Blink                    Tloc           N/A          100%        2    N/A
 Shroud of Golubria       Chrm/Tloc      #.........   100%        2    N/A
 Gell's Gravitas          Tloc           #.........   100%        3    N/A
 Lesser Beckoning         Tloc           #.........   100%        3    N/A
 Teleport Other           Tloc           #.......     100%        3    N/A
 Passage of Golubria      Tloc           N/A          100%        4    N/A

Dungeon Overview and Level Annotations

Branches:
Dungeon (3/15)

Altars:
Xom
Yredelemnul
The Shining One

Annotations:
D:2 exclusion: door


Innate Abilities, Weirdness & Mutations

You do not eat or drink.
Your flesh is vulnerable to fire.
You are immune to poison.
Your flesh is cold resistant. (rC+)
You are immune to negative energy. (rN+++)
You are immune to unholy pain and torment.
You can survive without breathing.


Message History

Throwing (i - inventory)
e - 2 tomahawks of dispersal (quivered)
Press: ? - help, Shift-Dir - straight line, f/p - adder
Aim: an adder (translocational energy, heavily wounded)
You throw a tomahawk of dispersal.
The tomahawk of dispersal barely misses the adder.
The tomahawk of dispersal hits the adder.
The adder blinks!
The adder bites you.
* * * LOW HITPOINT WARNING * * *
The adder bites you but does no damage.
You closely miss the adder. The adder bites you but does no damage.
Throwing (i - inventory)
e - a tomahawk of dispersal (quivered)
Press: ? - help, Shift-Dir - straight line, f/p - adder
Aim: an adder (severely wounded)
You throw a tomahawk of dispersal.
The tomahawk of dispersal barely misses the adder.
The tomahawk of dispersal closely misses the shadow imp.
The tomahawk of dispersal misses the adder.
The adder bites you.
You die...
Yredelemnul claims you as an undead slave.

### #.#
......
#.#
#......
#.#
#......
..#
#......
#.#
#......
... #.#
#......
.. #.#
#......
.?# #@#
#.....
.. #S#
###+##
#.##§#
#....
..#5#
#....
#5#.#
#.!..
#†#.#
#....
#.S<#
#....
##..#
#....
#..#
#....


You could see 2 adders and a shadow imp.

Vanquished Creatures
  4 dart slugs
  A leopard gecko (D:3)
  A giant cockroach (D:1)
  4 goblins
  5 hobgoblins
  2 jackals (D:2)
  2 bats
  2 frilled lizards (D:1)
  8 kobolds
  4 rats
33 creatures vanquished.

Notes
Turn   | Place    | Note
-------+----------+-------------------------------------------
     0 | D:1      | 4thArraOfDagon the Mummy Warper began the quest for the
                  | Orb.
     0 | D:1      | Reached XP level 1. HP: 16/16 MP: 4/4
    14 | D:2      | Found a shimmering altar of Xom.
    22 | D:2      | Found a shimmering altar of Xom.
   214 | D:2      | Reached skill level 2 in Maces & Flails
   240 | D:2      | Found a glowing golden altar of the Shining One.
   243 | D:2      | Found a basalt altar of Yredelemnul.
   245 | D:2      | Noticed a profane servitor
   251 | D:2      | Became a worshipper of Yredelemnul the Dark
   272 | D:2      | Noticed an angel
   330 | D:2      | Reached XP level 2. HP: 12/22 MP: 5/5
  1106 | D:2      | Reached XP level 3. HP: 26/27 MP: 7/7
  1159 | D:2      | Reached skill level 3 in Maces & Flails
  1200 | D:2      | Reached skill level 1 in Armour
  1289 | D:3      | Reached * piety under Yredelemnul
  1302 | D:3      | HP: 1/27 [adder (3)]
  1304 | D:3      | Slain by an adder

Vault maps used:
D:1:      psy_arrival_spokes, serial_rivers, chequers_serial_rivers_marsh,
          chequers_serial_rivers_micro_a, chequers_serial_rivers_marsh,
          chequers_serial_rivers_room_a, chequers_serial_rivers_micro_b,
          chequers_serial_rivers_small_b, feat_on_display
D:2:      grunt_temple_overflow_holy_war, xom_redecorated, first_ration,
          chequers_serial_rivers_micro_b
D:3:      minmay_fractal_squares_gapless_5

Skill      XL: |  1  2  3 |
---------------+----------+-----
Maces & Flails | 2 3 |  3.1
Armour         | 1 |  1.0
Fighting       | |  2.0
Throwing       | |  0.7
Dodging        | |  1.5
Spellcasting   | |  2.6
Translocations | |  2.4

Action                   || total
-------------------------++-------
Melee: Mace              ||   138
Throw: Tomahawk          ||     5
  Use: Scroll            ||     3
 Stab: Sleeping          ||     1
Armor: Leather armour    ||    20
       Crystal plate arm ||   102
Dodge: Dodged            ||    70

Table legend:
 A = Non-vault XP
 B = Vault XP
 C = Vault XP percentage of total XP
 D = Non-vault monster count
 E = Vault monster count
 F = Vault count percentage of total count
                 A         B        C        D         E       F
            +---------+---------+-------+---------+---------+-------
      Total |      64 |       0 |   0.0 |      33 |       0 |   0.0
            +---------+---------+-------+---------+---------+-------
        D:1 |      28 |       0 |   0.0 |      15 |       0 |   0.0
        D:2 |      29 |       0 |   0.0 |      16 |       0 |   0.0
        D:3 |       7 |       0 |   0.0 |       2 |       0 |   0.0
            +---------+---------+-------+---------+---------+-------
